 Dungeon Crawl Stone Soup version 0.31.0-11-ge490571c62 (webtiles) character file.

Game seed: 11172548919106276984

2971 qw the Nimble (level 9, -7/46 HPs)
             Began as a Spriggan Hunter on Feb 4, 2024.
             Was an Initiate of Okawaru.
             Mangled by a hornet (11 damage)
             ... while paralysed by a hornet
             ... on level 7 of the Dungeon.
             The game lasted 00:04:06 (6525 turns).

qw the Nimble (Spriggan Hunter)                     Turns: 6525, Time: 00:04:07

Health: -7/46      AC:  2    Str:  7    XL:     9   Next: 53%
Magic:  10/10      EV:  4    Int: 11    God:    Okawaru [......]
Gold:   130        SH:  0    Dex: 24    Spells: 8/8 levels left

rFire   . . .        j - +0 orcbow
rCold   + . .        (shield currently unavailable)
rNeg    . . .        c - +0 robe
rPois   .            (helmet restricted)
rElec   .            (no cloak)
rCorr   .            (gloves unavailable)
SInv    +            (boots unavailable)
Will    +....        (no amulet)
Stlth   +++          k - ring of protection from cold
HPRegen 0.27/turn    (no ring)
MPRegen 0.12/turn

%: no passive effects
@: paralysed, lethally poisoned (-7 -> -32), very quick
A: very small, no large weapons, unfitting armour, see invisible, speed 3, thin
skeletal structure 1, MP-powered wands
a: Renounce Religion


You were on level 7 of the Dungeon.
You worshipped Okawaru.
Okawaru was noncommittal.
You visited 2 branches of the dungeon, and saw 8 of its levels.

You collected 334 gold pieces.
You spent 204 gold pieces at shops.


Innate Abilities, Weirdness & Mutations

You are very small and have problems with some larger weapons.
You are too small for most types of armour.
You have supernaturally acute eyesight. (SInv)
You cover ground extremely quickly. (Speed+++)
You have a somewhat thin skeletal structure. (Dex +2, Stealth+)
You expend magic power (3 MP) to strengthen your wands.


   Skills:
 - Level 4.7 Fighting
 - Level 10.0 Ranged Weapons
 + Level 10.8 Dodging
 - Level 1.5 Stealth


You had 8 spell levels left.
You didn't know any spells.
Your spell library was empty.

Inventory:

Hand Weapons
 j - a +0 orcbow (weapon)
Armour
 c - a +0 robe (worn)
Jewellery
 h - an amulet of guardian spirit
 k - a ring of protection from cold (left hand)
Wands
 f - a wand of iceblast (13)
Scrolls
 a - 2 scrolls of identify
 b - 2 scrolls of teleportation
Potions
 d - a potion of resistance
 e - 2 potions of enlightenment
 g - 2 potions of might
 i - 5 potions of curing
 l - a potion of ambrosia {unknown}
 m - 3 potions of heal wounds

Dungeon Overview and Level Annotations

Branches:
Dungeon (7/15)             Temple (1/1) D:5

Altars:
Ashenzari
Cheibriados
Elyvilon
Fedhas
Kikubaaqudgha
Makhleb
Nemelex Xobeh
Okawaru
Qazlal
Ru
Uskayaw
Vehumet
Xom
Yredelemnul
The Shining One

Shops:
D:3 *   D:4 **

Annotations:
D:3 1 runed translucent door, Crazy Yiuf


Message History

You shoot an arrow. The arrow hits the scorpion!
You kill the scorpion!
Okawaru accepts your kill.
An iguana comes into view.
You shoot an arrow. The arrow barely misses the iguana.
The iguana hisses angrily.
You shoot an arrow. The arrow hits the iguana.
The iguana is lightly wounded.
You shoot an arrow.
The arrow hits the iguana but does no damage.
The iguana is lightly wounded.
You shoot an arrow. The arrow barely misses the iguana.
You shoot an arrow. The arrow hits the iguana!
You kill the iguana!
Okawaru accepts your kill.
A hornet is nearby!
You shoot an arrow. The hornet buzzes angrily.
The arrow hits the hornet!
The hornet is moderately wounded.
You shoot an arrow.
The arrow hits the hornet but does no damage.
The hornet is moderately wounded.
You shoot an arrow. The arrow barely misses the hornet.
The hornet completely misses you.
You shoot an arrow. The arrow hits the hornet!
The hornet is heavily wounded.
The hornet stings you.
You are poisoned.
You suddenly lose the ability to move!
You feel very sick. The hornet stings you!
You are more poisoned.
You shrug off the repeated paralysis!
The hornet stings you!
You are more poisoned.
You feel yourself slow down.
You feel yourself speed up.
You feel extremely sick. The hornet stings you!
You die...

..##..)......
..##........##...
................. .
................. ..
#...........#.... ...#
#...........#.##. .....
#................
#....##...###..........
#..y@...# #.........#
#..##..#####......###
......#....###.......#
#..#.....%......<...###
## ####.###.........#
#. #........## ##
#........## ###.......#
##).#.###


You could see a hornet.

Vanquished Creatures
  Pikel (D:5)
  Sigmund (D:4)
  Eustachio (D:4)
  Edmund (D:4)
  Menkaure (D:4)
  A water moccasin (D:6)
  An orc warrior (D:3)
  An ice beast (D:6)
  A centaur (D:5)
  A phantom (D:6)
  A kobold brigand (D:7)
  A gnoll sergeant (D:6)
  4 scorpions
  4 wights
  3 howler monkeys
  2 bombardier beetles (D:6)
  3 hounds (D:5)
  2 jellies
  2 orc priests (D:4)
  7 iguanas
  A sleepcap (D:4)
  2 orc wizards (D:5)
  Robin (D:4)
  7 gnolls (D:6)
  7 adders
  2 ufetubi (D:5)
  A ribbon worm (D:3)
  31 orcs
  13 ball pythons
  6 endoplasms
  3 giant cockroaches
  14 goblins
  10 hobgoblins
  13 kobolds
  5 quokkas
  6 bats
  3 frilled lizards
  6 rats
  A butterfly (D:3)
171 creatures vanquished.

Notes
Turn   | Place    | Note
-------+----------+-------------------------------------------
     0 | D:1      | qw the Spriggan Hunter began the quest for the Orb.
     0 | D:1      | Reached XP level 1. HP: 10/10 MP: 2/2
     0 | D:1      | 0 ||| qw: Version: 0.3-a-160-g6735b56
     0 | D:1      | 0 ||| qw: Game counter: 6020
     0 | D:1      | 0 ||| qw: Melee chars always use a shield: true
     0 | D:1      | 0 ||| qw: God list: Okawaru
     0 | D:1      | 0 ||| qw: Allow faded altars: false
     0 | D:1      | 0 ||| qw: Do Orc after clearing Dungeon:15 true
     0 | D:1      | 0 ||| qw: Do second Lair branch before Depths: true
     0 | D:1      | 0 ||| qw: Lair rune preference: random
     0 | D:1      | 0 ||| qw: Goals: Normal
     0 | D:1      | 0 ||| PLANNING D:1-11
    53 | D:1      | Reached skill level 3 in Dodging
   125 | D:1      | Reached XP level 2. HP: 14/14 MP: 3/3
   491 | D:1      | Reached XP level 3. HP: 18/18 MP: 4/4
   647 | D:1      | 647 ||| READING scroll labelled FIEGHA OROKH.
   748 | D:1      | 748 ||| READING 2 scrolls labelled UTHOOV PIKY.
   749 | D:1      | 749 ||| READING scroll labelled XUOPLUROMM.
   750 | D:1      | 750 ||| READING scroll labelled TYLIETR MAPITOMM.
   751 | D:1      | 751 ||| DRINKING 2 amethyst potions.
   752 | D:1      | 752 ||| DROPPING scroll of butterflies.
   753 | D:1      | 753 ||| DROPPING scroll of amnesia.
  1055 | D:2      | Found a shimmering altar of Xom.
  1757 | D:2      | 1757 ||| DROPPING ring of wizardry.
  1758 | D:2      | 1758 ||| READING 4 scrolls labelled SOYTWU NUOMAU.
  1762 | D:2      | 1762 ||| READING 2 scrolls labelled BIOR BOPPON.
  1762 | D:2      | 1762 ||| IDENTIFYING murky sapphire potion
  1763 | D:2      | 1763 ||| READING scroll of identify.
  1763 | D:2      | 1763 ||| IDENTIFYING smoky purple potion
  1764 | D:2      | 1764 ||| READING scroll labelled UVVIYMP BUNLAT.
  1764 | D:2      | 1764 ||| ENCHANTING +0 shortbow.
  1765 | D:2      | 1765 ||| DRINKING 2 viscous purple potions.
  1765 | D:2      | Gained mutation: Potions are less effective at restoring
                  | your health. [potion of mutation]
  1765 | D:2      | Gained mutation: Your health recovers twice as slowly from
                  | being drained. [potion of mutation]
  1765 | D:2      | Gained mutation: You are dopey. (Int -2) [potion of
                  | mutation]
  1766 | D:2      | 1766 ||| DRINKING potion of mutation.
  1766 | D:2      | Lost mutation: Your health recovers twice as slowly from
                  | being drained. [potion of mutation]
  1766 | D:2      | Lost mutation: You are dopey. (Int -2) [potion of mutation]
  1766 | D:2      | Gained mutation: Your system is resistant to poisons.
                  | (rPois) [potion of mutation]
  1766 | D:2      | Gained mutation: You expend magic power (3 MP) to
                  | strengthen your wands. [potion of mutation]
  1893 | D:3      | Noticed an orc warrior
  1894 | D:3      | 1894 ||| RETREEEEATING.
  1902 | D:3      | Killed an orc warrior
  1903 | D:3      | Reached XP level 4. HP: 12/22 MP: 5/5
  1903 | D:3      | Reached XP level 5. HP: 14/25 MP: 6/6
  2026 | D:3      | Found a burning altar of Makhleb.
  2227 | D:3      | Found a runed translucent door.
  2228 | D:3      | Noticed Crazy Yiuf
  2295 | D:3      | Found Fanai's General Store.
  2314 | D:3      | 2314 ||| SHOPLISTING 2 potions of heal wounds (100 gold,
                  | have 93).
  2314 | D:3      | 2314 ||| SHOPLISTING amulet of regeneration (300 gold, have
                  | 93).
  2314 | D:3      | 2314 ||| BUYING potion of curing (30 gold).
  2314 | D:3      | Bought a potion of curing for 30 gold pieces
  2314 | D:3      | 2314 ||| BUYING potion of heal wounds (50 gold).
  2314 | D:3      | Bought a potion of heal wounds for 50 gold pieces
  2366 | D:3      | Found a shimmering altar of Xom.
  2623 | D:3      | 2623 ||| DRINKING potion of mutation.
  2623 | D:3      | Lost mutation: Potions are less effective at restoring your
                  | health. [potion of mutation]
  2623 | D:3      | Lost mutation: Your system is resistant to poisons. (rPois)
                  | [potion of mutation]
  2623 | D:3      | Gained mutation: You have a somewhat thin skeletal
                  | structure. (Dex +2, Stealth+) [potion of mutation]
  2905 | D:3      | 2905 ||| UPGRADING to amulet of guardian spirit.
  2916 | D:3      | 2916 ||| READING 2 scrolls labelled ETHRAY NIONULA.
  2917 | D:3      | 2917 ||| READING scroll labelled KIF RANOLUY.
  2918 | D:3      | 2918 ||| DRINKING 2 metallic puce potions.
  3179 | D:3      | 3179 ||| DRINKING 2 ruby potions.
  3188 | D:3      | 3188 ||| DROPPING potion of degeneration.
  3189 | D:3      | 3189 ||| DROPPING scroll of immolation.
  3245 | D:4      | Noticed Menkaure
  3246 | D:4      | 3246 ||| DRINKING potion of haste.
  3256 | D:4      | Killed Menkaure
  3257 | D:4      | Reached skill level 6 in Ranged Weapons
  3257 | D:4      | Reached XP level 6. HP: 30/30 MP: 7/7
  3287 | D:4      | Noticed Eustachio
  3294 | D:4      | 3294 ||| FLEEEEING.
  3295 | D:4      | 3295 ||| FLEEEEING.
  3296 | D:4      | 3296 ||| FLEEEEING.
  3297 | D:4      | 3297 ||| FLEEEEING.
  3298 | D:4      | 3298 ||| FLEEEEING.
  3299 | D:4      | 3299 ||| FLEEEEING.
  3301 | D:4      | 3301 ||| FLEEEEING.
  3303 | D:4      | 3303 ||| FLEEEEING.
  3305 | D:4      | 3305 ||| FLEEEEING.
  3307 | D:4      | 3307 ||| FLEEEEING.
  3309 | D:4      | 3309 ||| FLEEEEING.
  3311 | D:4      | 3311 ||| FLEEEEING.
  3312 | D:4      | 3312 ||| FLEEEEING.
  3313 | D:4      | 3313 ||| FLEEEEING.
  3343 | D:4      | 3343 ||| FLEEEEING.
  3344 | D:4      | 3344 ||| FLEEEEING.
  3352 | D:4      | 3352 ||| FLEEEEING.
  3358 | D:4      | 3358 ||| FLEEEEING.
  3364 | D:4      | 3364 ||| FLEEEEING.
  3365 | D:4      | 3365 ||| FLEEEEING.
  3366 | D:4      | 3366 ||| FLEEEEING.
  3367 | D:4      | 3367 ||| FLEEEEING.
  3368 | D:4      | 3368 ||| FLEEEEING.
  3369 | D:4      | 3369 ||| FLEEEEING.
  3370 | D:4      | 3370 ||| FLEEEEING.
  3371 | D:4      | 3371 ||| FLEEEEING.
  3372 | D:4      | 3372 ||| FLEEEEING.
  3373 | D:4      | 3373 ||| FLEEEEING.
  3375 | D:4      | 3375 ||| FLEEEEING.
  3379 | D:4      | 3379 ||| FLEEEEING.
  3380 | D:4      | 3380 ||| FLEEEEING.
  3381 | D:4      | 3381 ||| FLEEEEING.
  3382 | D:4      | 3382 ||| FLEEEEING.
  3383 | D:4      | 3383 ||| FLEEEEING.
  3384 | D:4      | 3384 ||| FLEEEEING.
  3385 | D:4      | 3385 ||| STAIRDANCE
  3402 | D:3      | 3402 ||| READING 3 scrolls labelled VINONOENITT.
  3403 | D:3      | 3403 ||| DROPPING 2 scrolls of fear.
  3420 | D:4      | 3420 ||| STAIRDANCE
  3454 | D:4      | Killed Eustachio
  3505 | D:4      | Noticed Robin
  3515 | D:4      | Killed Robin
  3684 | D:4      | Noticed Sigmund
  3692 | D:4      | Killed Sigmund
  3693 | D:4      | Reached XP level 7. HP: 35/35 MP: 8/8
  3792 | D:4      | Noticed Edmund
  3799 | D:4      | HP: 7/35 [Edmund/+3 heavy flail (4)]
  3800 | D:4      | 3800 ||| READING 3 scrolls of teleportation.
  3801 | D:4      | 3801 ||| DRINKING potion of heal wounds.
  3884 | D:4      | Killed Edmund
  3967 | D:4      | Found Zenusionk's Assorted Antiques.
  3970 | D:4      | 3970 ||| FLEEEEING.
  3971 | D:4      | 3971 ||| FLEEEEING.
  3977 | D:4      | 3977 ||| FLEEEEING.
  3978 | D:4      | 3978 ||| FLEEEEING.
  3979 | D:4      | 3979 ||| FLEEEEING.
  3980 | D:4      | 3980 ||| FLEEEEING.
  3981 | D:4      | 3981 ||| FLEEEEING.
  3982 | D:4      | 3982 ||| FLEEEEING.
  3983 | D:4      | 3983 ||| FLEEEEING.
  4013 | D:4      | 4013 ||| SHOPLISTING bone ring (115 gold, have 72).
  4013 | D:4      | 4013 ||| SHOPLISTING potion of mutation (184 gold, have
                  | 72).
  4013 | D:4      | 4013 ||| BUYING scroll labelled TOUR JUDOMPILL (23 gold).
  4013 | D:4      | Bought a scroll labelled TOUR JUDOMPILL for 23 gold pieces
  4013 | D:4      | 4013 ||| BUYING scroll of identify (46 gold).
  4013 | D:4      | Bought a scroll of identify for 46 gold pieces
  4013 | D:4      | 4013 ||| SHOPLISTING scroll of identify (46 gold, have 3).
  4013 | D:4      | 4013 ||| SHOPLISTING scroll of teleportation (69 gold, have
                  | 3).
  4013 | D:4      | 4013 ||| SHOPLISTING sedimented dark potion (20 gold, have
                  | 3).
  4091 | D:4      | Found Isiblor's General Store.
  4407 | D:4      | 4407 ||| READING 3 scrolls of identify.
  4407 | D:4      | 4407 ||| IDENTIFYING sedimented golden potion
  4408 | D:4      | 4408 ||| READING 2 scrolls of identify.
  4408 | D:4      | 4408 ||| IDENTIFYING glowing clear potion
  4409 | D:4      | 4409 ||| READING scroll of identify.
  4409 | D:4      | 4409 ||| IDENTIFYING scroll labelled TOUR JUDOMPILL
  4410 | D:4      | 4410 ||| READING scroll of brand weapon.
  4410 | D:4      | 4410 ||| BRANDING +1 shortbow.
  4411 | D:4      | 4411 ||| READING scroll labelled CONIRO UMAO.
  4411 | D:4      | 4411 ||| ENCHANTING +1 shortbow of draining.
  4412 | D:4      | 4412 ||| DROPPING potion of attraction.
  4447 | D:5      | Entered Level 5 of the Dungeon
  4481 | D:5      | Noticed Pikel
  4482 | D:5      | 4482 ||| RETREEEEATING.
  4483 | D:5      | 4483 ||| RETREEEEATING.
  4485 | D:5      | 4485 ||| RETREEEEATING.
  4486 | D:5      | 4486 ||| RETREEEEATING.
  4488 | D:5      | 4488 ||| RETREEEEATING.
  4498 | D:5      | Killed Pikel
  4499 | D:5      | Reached XP level 8. HP: 32/42 MP: 7/9
  4551 | D:5      | 4551 ||| FLEEEEING.
  4552 | D:5      | 4552 ||| FLEEEEING.
  4553 | D:5      | 4553 ||| FLEEEEING.
  4554 | D:5      | 4554 ||| FLEEEEING.
  4555 | D:5      | 4555 ||| FLEEEEING.
  4557 | D:5      | 4557 ||| FLEEEEING.
  4558 | D:5      | 4558 ||| FLEEEEING.
  4559 | D:5      | 4559 ||| FLEEEEING.
  4560 | D:5      | 4560 ||| FLEEEEING.
  4562 | D:5      | 4562 ||| FLEEEEING.
  4563 | D:5      | 4563 ||| FLEEEEING.
  4564 | D:5      | 4564 ||| FLEEEEING.
  4565 | D:5      | 4565 ||| FLEEEEING.
  4566 | D:5      | 4566 ||| FLEEEEING.
  4567 | D:5      | 4567 ||| FLEEEEING.
  4568 | D:5      | 4568 ||| FLEEEEING.
  4569 | D:5      | 4569 ||| FLEEEEING.
  4570 | D:5      | 4570 ||| FLEEEEING.
  4571 | D:5      | 4571 ||| FLEEEEING.
  4573 | D:5      | 4573 ||| FLEEEEING.
  4574 | D:5      | 4574 ||| FLEEEEING.
  4575 | D:5      | 4575 ||| FLEEEEING.
  4577 | D:5      | 4577 ||| FLEEEEING.
  4655 | D:5      | 4655 ||| SWAPPING to +0 orcbow.
  4656 | D:5      | 4656 ||| DROPPING +1 shortbow of draining.
  4832 | D:5      | Reached skill level 9 in Dodging
  4859 | D:5      | Found a staircase to the Ecumenical Temple.
  4860 | D:5      | 4860 ||| PLANNING TEMPLE
  4860 | D:5      | 4860 ||| READING 2 scrolls of identify.
  4860 | D:5      | 4860 ||| IDENTIFYING scroll labelled ASUMARE QEHOSS
  4861 | D:5      | 4861 ||| DROPPING scroll of noise.
  4871 | Temple   | Entered the Ecumenical Temple
  4872 | Temple   | 4872 ||| PLANNING D:1-11
  4913 | D:4      | 4913 ||| BUYING potion of curing (33 gold).
  4913 | D:4      | Bought a potion of curing for 33 gold pieces
  4913 | D:4      | 4913 ||| BUYING scroll of identify (22 gold).
  4913 | D:4      | Bought a scroll of identify for 22 gold pieces
  4913 | D:4      | 4913 ||| SHOPLISTING wand of iceblast (3) (79 gold, have
                  | 3).
  4913 | D:4      | 4913 ||| SHOPLISTING wand of polymorph (3) (46 gold, have
                  | 3).
  5168 | D:5      | You fall into a shaft and drop 1 floor!
  5176 | D:6      | 5176 ||| UPGRADING to ring of protection from cold.
  5185 | D:6      | 5185 ||| STAIRDANCE
  5243 | D:5      | Reached skill level 9 in Ranged Weapons
  5486 | D:6      | Reached XP level 9. HP: 46/46 MP: 10/10
  5627 | D:6      | Found a snail-covered altar of Cheibriados.
  5709 | D:6      | 5709 ||| RETREEEEATING.
  5710 | D:6      | 5710 ||| RETREEEEATING.
  5712 | D:6      | 5712 ||| RETREEEEATING.
  5713 | D:6      | 5713 ||| RETREEEEATING.
  5714 | D:6      | 5714 ||| RETREEEEATING.
  5715 | D:6      | 5715 ||| RETREEEEATING.
  5716 | D:6      | 5716 ||| FLEEEEING.
  5722 | D:6      | 5722 ||| RETREEEEATING.
  5723 | D:6      | 5723 ||| RETREEEEATING.
  6032 | D:6      | Found a glowing golden altar of the Shining One.
  6141 | D:6      | Found an iron altar of Okawaru.
  6142 | D:6      | 6142 ||| PLANNING OKAWARU WORSHIP
  6142 | D:6      | 6142 ||| READING 3 scrolls of identify.
  6142 | D:6      | 6142 ||| IDENTIFYING 2 blue potions
  6143 | D:6      | 6143 ||| DROPPING 2 potions of magic.
  6151 | D:6      | Became a worshipper of Warmaster Okawaru
  6152 | D:6      | 6152 ||| PLANNING D:1-11
  6152 | D:6      | 6152 ||| REMOVING amulet of guardian spirit.
  6248 | D:7      | 6248 ||| FLEEEEING.
  6249 | D:7      | 6249 ||| STAIRDANCE
  6277 | D:7      | 6277 ||| STAIRDANCE
  6301 | D:7      | 6301 ||| RETREEEEATING.
  6302 | D:7      | 6302 ||| STAIRDANCE
  6307 | D:7      | 6307 ||| STAIRDANCE
  6386 | D:7      | 6386 ||| STAIRDANCE
  6523 | D:7      | Paralysed by a hornet for 3 turns
  6524 | D:7      | HP: 11/46 [hornet (13)]
  6525 | D:7      | HP: 4/46 [poisoned by a hornet]
  6525 | D:7      | Mangled by a hornet

Levels and vault maps discovered:
D:1:      dpeg_chamrin_arrival_tetris, layout_basic,
          nicolae_twisty_statue_hallways
D:2:      layout_basic, basic_altar, minmay_split_cup_small
D:3:      layout_loops_corners, xom_butterflies, lightli_temple_of_fire,
          serial_shops, shop, uniq_crazy_yiuf_cottage
D:4:      layout_gridville, serial_shops, nicolae_take_the_stairs,
          nicolae_stop_n_shop_2, minmay_pentangle, uniq_menkaure,
          uniq_eustachio, uniq_sigmund, uniq_robin, uniq_edmund
D:5:      layout_gridville, minmay_temple_entry_stoned_glass,
          grunt_ministairs_12, uniq_pikel
D:6:      layout_loops_ring, lemuel_tele_altar,
          mainiacjoe_overflow_tiny_flanked, okawaru_altar_gauntlet_db
D:7:      layout_cave_pools, zin_statuary, serial_park, serial_park_square3
          [serial_park_minivault_5x5_7], serial_park_square2,
          serial_park_tiny_pond
Temple:   nicolae_temple_ecumenical_triangle

Skill      XL: |  1  2  3  4  5  6  7  8  9 |
---------------+----------------------------+-----
Dodging        | 3 4 5 7 8 9 10 | 10.8
Ranged Weapons | 5 6 8 9 10 | 10.0
Fighting       | 2 4 |  4.7
Stealth        | |  1.5

Action                     |  1- 3 |  4- 6 |  7- 9 || total
---------------------------+-------+-------+-------++-------
   Fire: Shortbow          |   104 |   115 |   105 ||   324
         Orcbow            |       |       |   253 ||   253
    Use: Scroll            |     8 |     3 |     8 ||    19
         Potion            |     3 |     4 |     1 ||     8
 Armour: Robe              |     7 |    19 |    38 ||    64
  Dodge: Dodged            |    23 |    35 |   163 ||   221

Table legend:
 A = Non-vault XP
 B = Vault XP
 C = Vault XP percentage of total XP
 D = Non-vault monster count
 E = Vault monster count
 F = Vault count percentage of total count
                 A         B        C        D         E       F
            +---------+---------+-------+---------+---------+-------
      Total |    2508 |    1737 |  40.9 |     133 |      37 |  21.8
            +---------+---------+-------+---------+---------+-------
        D:1 |      43 |       0 |   0.0 |      27 |       0 |   0.0
        D:2 |      24 |       3 |  11.1 |       8 |       3 |  27.3
        D:3 |     179 |       0 |   0.0 |      24 |       0 |   0.0
        D:4 |     203 |     905 |  81.7 |      16 |      21 |  56.8
        D:5 |     721 |     707 |  49.5 |      25 |       5 |  16.7
        D:6 |     869 |      39 |   4.3 |      19 |       6 |  24.0
        D:7 |     469 |      83 |  15.0 |      14 |       2 |  12.5
            +---------+---------+-------+---------+---------+-------
